 Dungeon Crawl Stone Soup version 0.23.0 (webtiles) character file.

Game seed: 12792710569855365541

746623 Monsterracer the Conqueror (level 27, -6/179 HPs)
             Began as a Gargoyle Berserker on Feb 11, 2019.
             Was a High Priest of Makhleb.
             Killed from afar by an electric golem (8 damage)
             ... with a bolt of lightning
             ... on level 5 of the Realm of Zot.
             The game lasted 02:36:41 (89926 turns).

Monsterracer the Conqueror (Gargoyle Berserker)    Turns: 89926, Time: 02:36:42

Health: -6/179     AC: 69    Str: 27      XL:     27
Magic:  8/9        EV: 14    Int:  8 (9)  God:    Makhleb [*****.]
Gold:   7105       SH:  0    Dex: 15      Spells: 26/26 levels left

rFire    + + +     SeeInvis .   b - +9 broad axe (antimagic)
rCold    + + .     Gourm    .   g - +1 shield {rF+}
rNeg     + . .     Faith    .   D - +6 gold dragon scales
rPois    ∞         Spirit   .   H - +0 helmet "Ceme" {rF+ Int+3}
rElec    +         Reflect  +   S - +4 dragonskin cloak
rCorr    .         Harm     .   P - +2 pair of gloves {Str+3}
MR       +++..     Rnd*Rage +   u - +1 pair of boots "Moc Hai" {Str+2 Stlth+}
Stlth    ..........             K - +4 amulet of reflection
HPRegen  0.39/turn              M - ring of protection from magic {!d}
MPRegen  0.11/turn              F - +3 ring of evasion

@: held, studying Axes
A: big wings, talons 1, repulsion field 1, thin metallic scales 1, berserk 1,
blurry vision 3, deterioration 1, dopey 2, frail 1, low mp 2, negative energy
resistance 1, sense surroundings 1, screaming 3, electricity resistance, weak 2,
unbreathing, petrification resistance, no potion heal 1, rot immunity, subdued
magic 2, MP-powered wands, AC +20
}: 4/15 runes: decaying, slimy, silver, gossamer
a: Fly, Minor Destruction, Lesser Servant of Makhleb, Major Destruction, Greater
Servant of Makhleb, Renounce Religion


You were on level 5 of the Realm of Zot.
You worshipped Makhleb.
Makhleb was extremely pleased with you.
You were hungry.

You visited 13 branches of the dungeon, and saw 57 of its levels.
You visited the Abyss 3 times.
You also visited: Sewer, Ossuary, Ice Cave and Desolation.

You collected 9878 gold pieces.
You spent 2773 gold pieces at shops.

Inventory:

Hand Weapons
 a - a +9 broad axe of chopping
 b - a +9 antimagic broad axe (weapon)
Missiles
 h - 5 throwing nets (quivered) {!f}
Armour
 g - a +1 shield of fire resistance (worn)
 u - the +1 pair of boots "Moc Hai" (worn) {Str+2 Stlth+}
   (You acquired it on level 3 of the Elven Halls)

   It affects your strength (+2).
   It makes you more stealthy.
 D - +6 gold dragon scales (worn)
 H - the +0 helmet "Ceme" (worn) {rF+ Int+3}
   (You found it on level 3 of the Elven Halls)

   It affects your intelligence (+3).
   It protects you from fire.
 P - a +2 pair of gloves of strength (worn)
 S - the +4 dragonskin cloak (worn)
   (You took it off Tiamat on level 2 of the Realm of Zot)
Jewellery
 i - an uncursed ring of resist corrosion
 C - an uncursed ring of protection from cold {!d}
 F - a +3 ring of evasion (right hand)
 G - the ring "Goawytz" {+Blink rF+ Stlth+}
   (You found it on level 5 of the Depths)

   [ring of stealth]

   It protects you from fire.
   It lets you blink.
   It makes you more stealthy.
 K - a +4 amulet of reflection (around neck)
 M - a ring of protection from magic (left hand) {!d}
Wands
 j - a wand of acid (28)
 k - a wand of iceblast (18)
 q - a wand of scattershot (15)
 E - a wand of digging (13)
 O - a wand of clouds (6)
Scrolls
 f - 14 scrolls of identify
 m - 7 scrolls of magic mapping
 n - 6 scrolls of fear {!r}
 p - 4 scrolls of enchant weapon
 r - 38 scrolls of remove curse
 s - 5 scrolls of summoning {!r}
 t - 25 scrolls of teleportation {!r}
 y - 5 scrolls of holy word
 A - a scroll of fog
 N - a scroll of brand weapon
 Q - 3 scrolls of silence
 X - 5 scrolls of blinking
Potions
 d - 9 potions of heal wounds
 e - 17 potions of curing
 o - 5 potions of haste
 v - a potion of berserk rage {!q}
 w - a potion of mutation {!q}
 x - 8 potions of brilliance
 B - 3 potions of agility
 I - 6 potions of magic
 J - 3 potions of resistance
 L - 7 potions of ambrosia {!q}
 R - 5 potions of lignification
 U - 7 potions of invisibility
 V - 6 potions of might
Books
 l - a manual of Axes
Comestibles
 c - 48 rations


   Skills:
 O Level 27 Fighting
 + Level 23.4 Axes
 + Level 24.7 Armour
 + Level 19.8 Dodging
 + Level 17.3 Shields
 * Level 19.0 Invocations


You had 26 spell levels left.
You didn't know any spells.
Your spell library contained the following spells:

 Spells                   Type           Power        Failure   Level  Hunger
 Corona                   Hex            #......      96%         1    ##.....
 Magic Dart               Conj           #...         96%         1    ##.....
 Shock                    Conj/Air       #...         96%         1    ##.....
 Searing Ray              Conj           #.....       99%         2    ###....
 Slow                     Hex            #.......     99%         2    ###....
 Throw Flame              Conj/Fire      #.....       99%         2    ###....
 Conjure Flame            Conj/Fire      #.......     100%        3    ####...
 Dazzling Spray           Conj/Hex       #.....       100%        3    ####...
 Inner Flame              Hex/Fire       #.......     100%        3    ####...
 Portal Projectile        Hex/Tloc       #.....       100%        3    ####...
 Recall                   Summ/Tloc      N/A          100%        3    ####...
 Animate Dead             Necr           N/A          100%        4    #####..
 Cause Fear               Hex            #.........   100%        4    #####..
 Leda's Liquefaction      Hex/Erth       #.........   100%        4    #####..
 Borgnjor's Vile Clutch   Necr/Erth      #.........   100%        5    ######.
 Bolt of Cold             Conj/Ice       #.........   100%        6    #######
 Death Channel            Necr           #.........   100%        6    #######
 Simulacrum               Ice/Necr       #.........   100%        6    #######


Dungeon Overview and Level Annotations

Branches:
Dungeon (15/15)            Temple (1/1) D:6            Lair (6/6) D:11
  Swamp (4/4) Lair:3       Spider (4/4) Lair:4        Slime (5/5) Lair:5
    Orc (2/2) D:12            Elf (3/3) Orc:2        Vaults (5/5) D:14
  Crypt (1/3) Vaults:2     Depths (5/5) D:15           Hell (1/1)
    Zot (5/5) Depths:5
    Dis: Hell:1         Geh: Hell:1         Coc: Hell:1         Tar: Hell:1

Altars:
Ashenzari
Cheibriados
Dithmenos
Elyvilon
Fedhas
Gozag
Hepliaklqana
Kikubaaqudgha
Makhleb
Nemelex Xobeh
Okawaru
Qazlal
Ru
Sif Muna
Trog
Uskayaw
Vehumet
Wu Jian
Xom
Yredelemnul
Zin
The Shining One
Beogh

Shops:
D:6 (   D:8 *   Orc:2 ![((   Elf:1 =   Elf:3 =   Vaults:1 ?   Vaults:2 *
Vaults:3 (   Vaults:5 [   Depths:1 *

Portals:
Hell: Depths:1 Depths:2 Depths:3 Depths:4 Depths:5
Abyss: Depths:4 Depths:5

Annotations:
Zot:5 exclusion: orange crystal statue


Innate Abilities, Weirdness & Mutations

You are resistant to torment.
Your stone body is resilient. (AC +20)
You are immune to poison.
Your large and strong wings let you fly indefinitely.
You resist negative energy. (rN+)
You are resistant to electric shocks. (rElec)
You can survive without breathing.
You are immune to petrification.
You are immune to rotting.
You have sharp toenails.
You are surrounded by a mild repulsion field. (EV +2)
You are partially covered in thin metallic scales. (AC +2)
You tend to lose your temper in combat.
Scrolls take you much longer to read.
Your body sometimes deteriorates upon taking damage.
You are very dopey. (Int -4)
You are frail. (-10% HP)
Your magical capacity is very low. (-20% MP)
You passively map a small area around you.
You frequently scream uncontrollably at your foes.
You are very weak. (Str -4)
Potions are less effective at restoring your health.
Your spells are easier to cast, but less powerful.
You expend magic power (3 MP) to strengthen your wands.


Message History

The death cob hits you but does no damage.
The Killer Klown falters for a moment.
The Orb prevents control of your translocation!
You blink.
As you read the scroll of blinking, it crumbles to dust.
You take 57 damage, and have 49/179 hp.
MASSIVE DAMAGE!!
Unknown command.
Okay, then.
Your blink will be uncontrolled - continue anyway?
Really read with blurry vision while enemies are nearby?
The death cob hits you but does no damage.
The electric golem fails to trigger a net trap.
The Orb Guardian completely misses you.
The wind drake exhales a fierce blast of wind!
Keep reading the scroll? [Y]es or [N]o only, please.
Keep reading the scroll?
Keep reading the scroll?
You are blown backwards!
The moth of wrath and the Killer Klown are blown away by the wind.
The electric golem blinks!
Found a hardcover book.
You begin reading the scroll.
You continue reading the scroll.
The storm dragon looks more energetic.
You block the Orb Guardian's attack.
The Killer Klown blinks!
The moth of wrath goads the golden dragon on!
The golden dragon goes berserk!
The Orb Guardian completely misses you.
You continue reading the scroll.
The Orb Guardian hits you!!
* * * LOW HITPOINT WARNING * * *
The Killer Klown blinks!
You block the Orb Guardian's attack. The Orb Guardian hits you!
* * * LOW HITPOINT WARNING * * *
The white draconian stormcaller utters an invocation to Qazlal.
You block the Orb Guardian's attack.
The golden dragon rages.
The Orb prevents control of your translocation!
You blink.
As you read the scroll of blinking, it crumbles to dust.
You take 32 damage, and have 17/179 hp.
Unknown command.
You scream at the Orb Guardian! 2 Orb Guardians come into view.
You scream at the Orb Guardian!
The wind drake disappears in a puff of smoke!
The death drake disappears in a puff of smoke!
The komodo dragon disappears in a puff of smoke!
The Killer Klown blinks!
The moth of wrath goads the storm dragon on!
The storm dragon goes berserk!
You block the moth of wrath's attack.
The electric golem blinks!
The Killer Klown throws klown pie at you.
The klown pie reflects off an invisible shield around you!
The klown pie hits the Killer Klown!!
Blueberry!
The Killer Klown loses the ability to speak.
The moth of wrath angrily waves its antennae.
The moth of wrath bites you but does no damage.
The orange crystal statue glitters topaz in the dim dungeon light.
The orange crystal statue glitters.
The death cob closely misses you.
The electric golem blinks!
You block the death cob's attack. The Orb Guardian drops a net on you.
A large net falls onto you!
You become entangled in the net!
The Orb Guardian barely misses you.
The Killer Klown pantomimes your execution.
The moth of wrath bites you but does no damage.
The golden dragon rages.
The curse toe calls on the powers of darkness!
The moth of wrath convulses!
Something is bathed in an unholy light!
The Orb Guardian convulses!
Something is bathed in an unholy light!
The Orb Guardian convulses!
The moth of wrath convulses! x2
The Killer Klown convulses!
The moth of wrath convulses!
The white draconian stormcaller convulses!
The Killer Klown convulses!
The golden dragon convulses!
The Orb Guardian convulses! x3; The wind drake convulses!
The komodo dragon convulses!
Your body is wracked with pain!
* * * LOW HITPOINT WARNING * * *
The moth of wrath convulses!
You see here a throwing net {!f}.
You take 3 damage, and have 15/179 hp.
Unknown command.
Unknown command.
Okay, then.
Your blink will be uncontrolled - continue anyway?
Really read with blurry vision while enemies are nearby?
The Killer Klown is no longer mute.
The death cob hits you but does no damage.
The Orb Guardian hits you but does no damage.
The death cob hits you but does no damage.
The storm dragon bites you but does no damage.
The storm dragon claws you.
* * * LOW HITPOINT WARNING * * *
The storm dragon misses you.
The white draconian stormcaller invokes the aid of Qazlal against you.
Qazlal smites you!
* * * LOW HITPOINT WARNING * * *
The Orb Guardian hits you but does no damage.
The electric golem hurls lightning at you.
The bolt of lightning hits you! You resist.
You die...
Xom titters!

##### ################
## ##...^^.........## #.
##.......^........## #
*#..................## #
....................# #
....................#
.....^..D.§.^.......# #
.......@X.^k.k......# #
......8Xzy...l......# ##
......pD.Xy.p....†..###.
#.....y..y..qk.....###..
##.....X..........##l...
##....X.§..%.§.....)q##
▓▓....8##▓▓▓▓▓▓▓▓▓▓▓#
▓.:.z.y. , ,
.^......,,,,, ,


You could see 2 Killer Klowns, an electric golem, a golden dragon (berserk), a
storm dragon (berserk), a curse toe, a death cob, a white draconian stormcaller,
5 Orb Guardians, a death drake, an orange crystal statue, a wind drake, 5 moths
of wrath, a komodo dragon and a rime drake.

Vanquished Creatures
  the Royal Jelly (Slime:5)
  Tiamat (Zot:2)
  6 orbs of fire
  3 ancient liches
  A juggernaut (Depths:2)
  2 Killer Klowns (Zot:5)
  Frederick (Depths:5)
  7 shard shrikes
  Margery (Vaults:5)
  Xtahua (Vaults:4)
  2 curse toes
  Geryon (Hell)
  Nikola (Swamp:4)
  11 golden dragons
  the Enchantress (Depths:4)
  6 bone dragons
  4 liches
  19 tentacled monstrosities
  16 Orb Guardians (Zot:5)
  A hellephant (Vaults:5)
  Rupert (D:14)
  15 titans
  6 quicksilver dragons
  5 deep elf master archers
  11 deep elf blademasters
  15 death cobs
  Murray (Depths:2)
  12 acid blobs
  13 tentacled starspawn (Abyss:4)
  6 sphinxes
  8 shadow dragons
  8 draconian monks
  5 thorn hunters
  2 ancient champions
  Kirke (Lair:5)
  33 storm dragons
  8 tengu reavers
  15 azure jellies
  Roxanne (Elf:2)
  19 frost giants
  11 iron dragons
  24 fire giants
  11 deep elf sorcerers
  An orc warlord (Orc:1)
  25 vault wardens
  8 draconian knights
  2 balrugs (Abyss:4)
  A curse skull (Crypt:1)
  A cacodemon (Abyss:3)
  7 deep elf elementalists
  2 draconian stormcallers
  6 draconian shifters
  3 draconian scorchers
  11 draconian annihilators
  6 ghost moths
  7 imperial myrmidons (Desolation)
  3 emperor scorpions
  2 ghouls
  A stone giant (shapeshifter) (Vaults:5)
  21 ironheart preservers
  4 spriggan defenders (Depths:4)
  2 reapers
  2 war gargoyles (Vaults:5)
  44 stone giants
  10 deep elf demonologists
  7 vampire knights
  16 green draconians
  23 very ugly things
  3 entropy weavers
  A halazid warlock (Desolation)
  14 black draconians
  A dire elephant (Depths:4)
  10 yellow draconians
  12 white draconians
  11 purple draconians
  A lorocyproca (Abyss:4)
  16 red draconians
  7 spark wasps
  8 deep elf death magi
  10 deep elf annihilators (Elf:3)
  The ghost of kaze the Severer, a journeyman HOBe of Trog (D:12)
  A minotaur (shapeshifter) (Depths:3)
  An eidolon (Crypt:1)
  A crystal guardian (Desolation)
  Snorg (D:11)
  13 ettins
  2 blizzard demons
  A mummy priest (Elf:2)
  18 fire dragons
  A fire dragon (shapeshifter) (Depths:3)
  2 green deaths (Abyss:4)
  10 death oozes
  2 jiangshi (Crypt:1)
  7 ragged hierophants (Desolation)
  15 yaktaur captains
  16 ogre magi
  5 deep elf high priests
  17 ice dragons
  3 quicksilver dragon zombies
  3 servants of whispers (Desolation)
  5 spriggan air magi
  14 great orbs of eyes
  3 ghost crabs (Swamp:4)
  2 hell beasts
  11 peacekeepers
  3 rakshasas
  13 hydras
  Harold (D:10)
  38 vault guards
  Erica (D:8)
  A merfolk avatar (Lair:6)
  2 catoblepae
  13 centaur warriors
  A shambling mangrove (Swamp:3)
  2 anacondas (Depths:4)
  77 dancing weapons
  40 two-headed ogres
  6 death knights
  13 deep troll shamans
  The ghost of Cato the Destroyer, a journeyman DECj of Sif Muna (Lair:2)
  16 alligators
  3 death yaks
  3 tengu warriors
  3 vampire magi
  3 orc high priests
  11 deep troll earth magi
  3 hell hogs (Hell)
  7 spriggan berserkers
  A shock serpent (shapeshifter) (Depths:2)
  8 storm dragon zombies
  15 thrashing horrors
  3 soul eaters
  35 deep elf knights
  Nergalle (D:11)
  13 spriggans
  3 iron trolls
  8 wretched stars (Abyss:4)
  3 sixfirhies (Abyss:4)
  14 skeletal warriors
  A spatial maelstrom (Abyss:4)
  A fire crab (shapeshifter) (Depths:2)
  6 shadow wraiths
  4 spriggan druids
  6 flayed ghosts
  3 death drakes (Depths:5)
  5 hell knights
  2 unseen horrors
  A ghost moth zombie (Zot:1)
  A glowing orange brain (shapeshifter) (Vaults:5)
  36 deep trolls
  8 wizards
  2 golden dragon zombies
  3 storm dragon skeletons
  2 unseen horrors (shapeshifter)
  A spectral hydra (Swamp:4)
  2 orange crystal statues
  6 glowing orange brains
  2 shadow dragon zombies
  A golden dragon skeleton (Depths:1)
  9 lindwurms
  5 swamp dragons
  31 deep elf archers
  10 phantasmal warriors
  14 ironbrand convokers
  6 harpies
  15 orc knights
  A mana viper (shapeshifter) (D:12)
  A wolf spider (shapeshifter) (Vaults:5)
  4 shining eyes
  17 orb spiders
  A salamander (shapeshifter) (Vaults:5)
  3 harpies (shapeshifter)
  A stone giant zombie (Abyss:4)
  12 draconian zombies
  A tengu skeleton (Vaults:2)
  4 necromancers
  38 wolf spiders
  A cyclops (shapeshifter) (Depths:3)
  98 deep elf magi
  A shining eye (shapeshifter) (Vaults:2)
  31 ugly things
  15 oklob plants
  A worldbinder (Abyss:4)
  2 shadow dragon skeletons
  7 orc sorcerers
  17 cyclopes
  41 large abominations
  6 manticores
  29 moths of wrath
  An apocalypse crab (Abyss:4)
  8 black mambas
  2 guardian serpents
  15 elephants
  5 eyes of devastation
  5 draconian skeletons
  2 ice statues (IceCv)
  A torpor snail (shapeshifter) (Depths:1)
  A black mamba (shapeshifter) (Vaults:5)
  An elephant (shapeshifter) (Depths:2)
  15 spiny frogs
  4 red draconian zombies
  2 molten gargoyles
  A torpor snail (Lair:4)
  4 rust devils
  A gargoyle (D:14)
  14 vault sentinels
  A purple draconian zombie (Zot:4)
  6 centaur zombies
  A spectral redback (D:13)
  An orange demon (Abyss:4)
  A dire elephant skeleton (Abyss:4)
  4 smoke demons (Abyss:4)
  A yellow draconian zombie (Zot:1)
  6 rime drakes
  2 centaur skeletons
  3 green draconian zombies
  12 freezing wraiths
  A komodo dragon (shapeshifter) (D:14)
  An efreet (D:15)
  6 swamp worm zombies (Swamp:4)
  2 green draconian skeletons
  4 kobold demonologists
  A hellwing (Abyss:4)
  A black draconian zombie (Zot:4)
  2 red draconian skeletons
  13 komodo dragons
  49 yaktaurs
  4 ice devils
  12 demonic crawlers
  A black draconian skeleton (Zot:1)
  A golden dragon simulacrum (Depths:3)
  A yellow draconian skeleton (Zot:4)
  A white draconian skeleton (Zot:4)
  2 queen bees (shapeshifter)
  3 hydra zombies (Swamp:4)
  11 ancient zymes (Abyss:4)
  2 red devils
  A jumping spider (shapeshifter) (Depths:3)
  13 moth of wrath zombies
  11 trolls
  12 tyrant leeches
  5 wind drakes
  47 saltlings
  A grey draconian skeleton (Crypt:1)
  27 jumping spiders
  28 hornets
  10 blink frogs
  13 raiju
  2 human simulacra
  12 polar bears
  2 raiju (shapeshifter)
  7 bog bodies
  A slime creature (shapeshifter) (D:14)
  2 spectral swamp dragons (Swamp:4)
  2 fire giant simulacra
  A dream sheep (Lair:4)
  5 hippogriffs
  73 slime creatures
  2 stone giant simulacra
  3 alligator zombies (Swamp:4)
  2 meliai zombies
  A shadow (Swamp:4)
  A flying skull (Abyss:4)
  2 air elementals
  97 redbacks
  6 wyverns
  51 starcursed masses
  A redback (shapeshifter) (Depths:2)
  2 tarantellas (shapeshifter)
  6 ynoxinuls (Abyss:4)
  A fire elemental (Hell)
  44 tarantellas
  7 wraiths
  A vampire (D:7)
  A spriggan simulacrum (Depths:1)
  4 hungry ghosts
  7 fire bats
  27 yaks
  Eustachio (D:6)
  A golden eye (shapeshifter) (D:14)
  A hog (shapeshifter) (Vaults:2)
  3 water elementals
  3 chaos spawn (Abyss:4)
  5 golden eyes
  5 basilisks
  3 hogs (D:8)
  A steam dragon (D:12)
  A human (D:8)
  29 vampire mosquitoes
  10 neqoxecs
  8 wargs
  A warg (shapeshifter) (Vaults:3)
  Edmund (D:5)
  9 swamp worms
  26 insubstantial wisps
  2 acid dragons
  A spiny frog zombie (Crypt:1)
  5 hell hounds
  12 water moccasins
  41 orc warriors
  7 porcupines
  13 swamp drakes
  4 swamp dragon zombies (Swamp:4)
  An ettin simulacrum (Vaults:3)
  6 eyes of draining
  A sky beast (shapeshifter) (Vaults:4)
  A manticore zombie (Crypt:1)
  10 phantoms
  4 black bears
  A gelid demonspawn skeleton (Crypt:1)
  23 ice beasts
  7 sky beasts
  48 ogres
  12 boggarts
  2 necrophages
  23 wolves
  13 centaurs
  8 crocodiles
  2 human skeletons
  3 big kobolds
  3 elf zombies
  14 bullfrogs
  A yaktaur zombie (Crypt:1)
  2 earth elementals (Elf:1)
  A gnoll sergeant (Orc:1)
  14 small abominations
  A glowing shapeshifter simulacrum (Vaults:1)
  2 wyvern skeletons
  3 scorpions
  A water moccasin skeleton (D:7)
  17 killer bees
  4 electric eels
  9 wights
  7 howler monkeys
  5 bullfrog zombies
  An elf simulacrum (Abyss:4)
  2 quasits
  3 crimson imps
  Crazy Yiuf (D:5)
  3 bullfrog skeletons
  5 jellies
  A hound (shapeshifter) (D:14)
  13 hounds
  3 human zombies
  35 orc priests
  2 iron imps
  25 orc wizards
  2 iguanas
  2 spectral swamp drakes (Swamp:4)
  13 worker ants
  2 killer bee zombies
  A big kobold zombie (Ossuary)
  A hound zombie (D:5)
  3 hound skeletons
  2 mummies (Ossuary)
  2 worker ant zombies
  8 gnolls
  9 adders
  3 swamp drake zombies (Swamp:4)
  3 shadow imps
  A white imp (Abyss:4)
  An ufetubus (Abyss:4)
  3 adder zombies
  2 adder skeletons
  6 worms
  4 dart slugs
  5 leopard geckos
  122 orcs
  15 bats
  8 giant cockroaches
  A goblin (shapeshifter) (Vaults:5)
  10 goblins
  13 hobgoblins
  21 kobolds
  4 quokkas
  6 frilled lizards
  A giant cockroach zombie (D:6)
  A goblin zombie (Ossuary)
  9 hobgoblin zombies (Ossuary)
  A jackal zombie (Ossuary)
  10 kobold zombies (Ossuary)
  9 orc zombies (Ossuary)
  A quokka skeleton (D:8)
  13 rats
  2 rat zombies (Ossuary)
  A river rat skeleton (Crypt:1)
  8 briar patches (Swamp:2)
  24 bushes (Zot:4)
  8 crawling corpses
  28 fungi
  2 lurking horrors (Abyss:4)
  33 plants
  15 starspawn tentacles (Abyss:4)
3415 creatures vanquished.

Vanquished Creatures (collateral kills)
  A spark wasp (Spider:3)
  The ghost of Womblebat the Severer, a journeyman HOAK of Lugonu (D:13)
  A hydra (Lair:4)
  A skeletal warrior (D:13)
  An orc knight (Orc:1)
  4 orb spiders
  2 wolf spiders (Spider:3)
  A komodo dragon (Lair:4)
  2 demonic crawlers (Spider:3)
  2 trolls (Orc:1)
  A redback (Spider:3)
  A tarantella (Spider:4)
  A basilisk (Lair:4)
  3 wargs (Orc:1)
  2 porcupines (Lair:4)
  2 orc warriors (Orc:1)
  A spectral hornet (D:13)
  An ogre (Orc:1)
  An orc (Orc:1)
29 creatures vanquished.

Vanquished Creatures (others)
  A deep elf master archer (Zot:1)
  An emperor scorpion (Spider:4)
  2 vault wardens (Vaults:1)
  A ghost moth (Spider:4)
  An ironheart preserver (Vaults:1)
  A draconian annihilator (Zot:2)
  2 entropy weavers (Spider:3)
  A spark wasp (Spider:4)
  2 yellow draconians
  2 yaktaur captains
  A deep elf high priest (Vaults:5)
  An ogre mage (Depths:1)
  A hydra (Lair:4)
  A dancing weapon (Lair:2)
  A thrashing horror (Abyss:4)
  3 deep elf knights (Elf:2)
  3 skeletal warriors
  An unseen horror (D:12)
  A deep troll (Depths:3)
  4 deep elf archers
  A spriggan druid (Swamp:3)
  A phantasmal warrior (D:12)
  3 orb spiders
  2 deep elf magi
  A necromancer (Vaults:5)
  10 wolf spiders
  A cyclops (Vaults:1)
  An ugly thing (D:15)
  A vault sentinel (Vaults:1)
  A tengu conjurer (D:15)
  6 yaktaurs
  3 demonic crawlers
  A troll (D:15)
  12 jumping spiders
  A hippogriff (Lair:4)
  3 tarantellas
  A redback (shapeshifter) (Vaults:5)
  14 redbacks
  A yak (Lair:4)
  A vampire (D:12)
  A small abomination (Abyss:4)
  An acid dragon (Vaults:2)
  5 insubstantial wisps (Swamp:4)
  2 water moccasins
  2 swamp drakes (Depths:5)
  An ogre (Vaults:4)
  2 killer bees (D:12)
  A worker ant (D:12)
  An orc (Orc:2)
  A hobgoblin (D:2)
  3 jackals (D:9)
  6 fungi
  3 lurking horrors (Abyss:4)
  7 plants
  23 starspawn tentacles (Abyss:4)
155 creatures vanquished.

Grand Total: 3599 creatures vanquished

Notes
Turn   | Place    | Note
-------+----------+-------------------------------------------
     0 | D:1      | Monsterracer the Gargoyle Berserker began the quest for the
                  | Orb.
     0 | D:1      | Reached XP level 1. HP: 14/14 MP: 1/1
   147 | D:1      | Reached XP level 2. HP: 18/19 MP: 2/2
   418 | D:1      | Reached ** piety under Trog
   418 | D:1      | Reached XP level 3. HP: 23/23 MP: 3/3
  1145 | D:2      | Found a radiant altar of Vehumet.
  1155 | D:2      | Reached XP level 4. HP: 29/29 MP: 4/4
  1272 | D:2      | Found a bloodstained altar of Trog.
  1287 | D:2      | HP: 14/29 [kobold (1)]
  1293 | D:2      | HP: 12/29 [hobgoblin (3)]
  1298 | D:2      | HP: 12/29 [hobgoblin (1)]
  1546 | D:2      | Reached *** piety under Trog
  1728 | D:2      | Found an ornate altar of the Wu Jian Council.
  1888 | D:3      | Found a blossoming altar of Fedhas.
  2083 | D:3      | Reached skill level 4 in Fighting
  2163 | D:3      | Found a stormy altar of Qazlal.
  2264 | D:3      | Reached XP level 5. HP: 33/33 MP: 5/5
  2685 | D:3      | Noticed a centaur
  2690 | D:3      | Killed a centaur
  2690 | D:3      | Reached XP level 6. HP: 39/39 MP: 6/6
  2967 | D:4      | Found a sacrificial altar of Ru.
  3429 | D:4      | Noticed a phantom
  3449 | D:4      | Killed a phantom
  3449 | D:4      | Reached skill level 5 in Axes
  3449 | D:4      | Reached XP level 7. HP: 44/44 MP: 7/7
  3597 | D:4      | Found a bloodstained altar of Trog.
  3826 | D:5      | Entered Level 5 of the Dungeon
  3841 | D:5      | Reached skill level 5 in Fighting
  3996 | D:5      | Reached XP level 8. HP: 50/50 MP: 8/8
  4062 | D:5      | Reached skill level 6 in Fighting
  4062 | D:5      | Reached skill level 5 in Armour
  4171 | D:5      | Reached **** piety under Trog
  4178 | D:5      | Found a glowing drain.
  4182 | Sewer    | Entered a sewer
  4513 | D:5      | Noticed Edmund
  4520 | D:5      | Killed Edmund
  4995 | D:5      | Found a runed translucent door.
  4996 | D:5      | Noticed Crazy Yiuf
  5003 | D:5      | Killed Crazy Yiuf
  5073 | D:6      | Found a staircase to the Ecumenical Temple.
  5073 | D:6      | Found a shimmering altar of Xom.
  5089 | D:6      | Found a shimmering altar of Xom.
  5089 | D:6      | Found a shimmering altar of Xom.
  5094 | D:6      | Found a shimmering altar of Xom.
  5096 | D:6      | Found a shimmering altar of Xom.
  5166 | D:6      | Reached skill level 1 in Shields
  5166 | D:6      | Reached XP level 9. HP: 56/56 MP: 9/9
  5259 | D:6      | Found a sand-covered staircase.
  5296 | Ossuary  | Entered an ossuary
  5446 | Ossuary  | Reached ***** piety under Trog
  5654 | D:6      | Found Heelacw's Weapon Shop.
  5676 | D:6      | Reached skill level 7 in Fighting
  5700 | D:6      | Noticed Eustachio
  5705 | D:6      | Found a shimmering altar of Xom.
  5711 | D:6      | Killed Eustachio
  5733 | D:6      | Found a shimmering altar of Xom.
  5837 | D:6      | Found an opulent altar of Gozag.
  5914 | D:6      | Found an ancient bone altar of Kikubaaqudgha.
  6414 | D:7      | Received a gift from Trog
  6453 | D:7      | Noticed a hornet
  6459 | D:7      | Killed a hornet
  6921 | D:7      | Got a glittering ruby amulet
  6922 | D:7      | Identified the amulet of Dent {Acrobat rElec Str+2} (You
                  | found it on level 7 of the Dungeon)
  7057 | D:7      | Reached skill level 8 in Fighting
  7057 | D:7      | Reached XP level 10. HP: 56/64 MP: 3/10
  7109 | D:7      | HP: 31/64 [something (7)]
  7114 | D:7      | HP: 28/64 [vampire/+0 trident of protection (1)]
  7175 | D:7      | HP: 48/96 [hornet (8)]
  7187 | D:7      | Noticed a manticore
  7194 | D:7      | HP: 31/65 [manticore (1)]
  7200 | D:7      | Killed a manticore
  7202 | D:7      | HP: 21/65 [hound (3)]
  7256 | D:7      | Identified the Disquisition on Scorching Calling
  7459 | D:7      | Found a deep blue altar of Sif Muna.
  7756 | D:8      | Found Odenyari's General Store.
  7986 | D:8      | Reached skill level 10 in Axes
  7995 | D:8      | Reached skill level 9 in Fighting
  8252 | D:8      | Noticed Erica
  8283 | D:8      | HP: 30/66 [something (6)]
  8289 | D:8      | Killed Erica
  8289 | D:8      | Reached XP level 11. HP: 27/71 MP: 3/11
  8564 | D:9      | Found an iron altar of Okawaru.
  8565 | D:9      | Found a blossoming altar of Fedhas.
  8598 | D:9      | Found a hazy altar of Hepliaklqana.
  8611 | D:9      | HP: 30/71 [something/puff of flame (10)]
  9472 | D:9      | Found a white marble altar of Elyvilon.
  9610 | D:10     | Entered Level 10 of the Dungeon
  9744 | D:10     | Killed an unseen horror
 10285 | D:10     | Received a gift from Trog
 10333 | D:10     | Got an ancient lajatang
 10345 | D:10     | Noticed Harold
 10357 | D:10     | Killed Harold
 10373 | D:10     | Identified the +4 lajatang of Rutuum {flame, rElec rN+
                  | Str+2 SInv} (You found it on level 10 of the Dungeon)
 10568 | D:10     | Reached skill level 10 in Fighting
 10793 | D:11     | Reached skill level 5 in Dodging
 10892 | D:11     | Found a staircase to the Lair.
 11119 | D:11     | Noticed a centaur warrior
 11125 | D:11     | HP: 36/72 [centaur warrior (2)]
 11128 | D:11     | Killed a centaur warrior
 11128 | D:11     | Reached skill level 10 in Armour
 11186 | Lair:1   | Entered Level 1 of the Lair of Beasts
 11315 | Lair:1   | Reached XP level 12. HP: 55/77 MP: 4/12
 11438 | Lair:1   | Found a transporter.
 11673 | Lair:1   | Got an ichor-stained chain mail
 11930 | Lair:1   | Found a transporter.
 12291 | Lair:1   | HP: 35/78 [something (27)]
 12332 | Lair:1   | Identified the +1 chain mail of Coronation {rCorr Int+4}
                  | (You found it on level 1 of the Lair of Beasts)
 12658 | Lair:2   | HP: 58/118 [warg (3)]
 12668 | Lair:2   | HP: 54/118 [wolf (2)]
 12676 | Lair:2   | HP: 46/118 [wolf (1)]
 12692 | Lair:2   | HP: 28/79 [wolf (5)]
 12791 | Lair:2   | Noticed a seven-headed hydra
 12801 | Lair:2   | Killed a seven-headed hydra
 13244 | Lair:2   | Found a runed translucent door.
 13251 | Lair:2   | Found a shimmering altar of Xom.
 13251 | Lair:2   | Noticed Cato's ghost (journeyman DECj)
 14398 | Lair:2   | Killed Cato's ghost
 14398 | Lair:2   | Reached skill level 11 in Fighting
 14399 | Lair:2   | Identified the Almanac of Attacks
 14748 | Lair:3   | Found a staircase to the Swamp.
 15092 | Lair:3   | HP: 36/80 [komodo dragon (16)]
 15737 | D:8      | Bought a +6 ring of protection for 858 gold pieces
 15878 | D:11     | Noticed a soul eater
 15882 | D:11     | Reached XP level 13. HP: 84/84 MP: 4/13
 15968 | D:11     | Noticed Nergalle
 15979 | D:11     | Killed Nergalle
 16057 | D:11     | Noticed Snorg
 16068 | D:11     | HP: 63/126 [Snorg (10)]
 16070 | D:11     | Killed Snorg
 16602 | D:11     | You fall through a shaft for 2 floors!
 16797 | D:12     | Found a staircase to the Orcish Mines.
 16928 | Orc:1    | Entered Level 1 of the Orcish Mines
 16936 | Orc:1    | Received a gift from Trog
 16965 | Orc:1    | Found a burning altar of Makhleb.
 17016 | Orc:2    | Entered Level 2 of the Orcish Mines
 17069 | Orc:2    | Reached ****** piety under Trog
 17113 | Orc:2    | HP: 37/85 [orc sorcerer/bolt of fire (23)]
 17157 | Orc:1    | HP: 41/85 [orc high priest/divine providence (14)]
 17162 | Orc:1    | HP: 38/127 [orc warrior/+0 dire flail (19)]
 17165 | Orc:1    | HP: 18/127 [orc warrior/+0 dire flail (3)]
 17437 | Orc:2    | Found a staircase to the Elven Halls.
 17529 | Orc:2    | Reached skill level 12 in Fighting
 17574 | Orc:1    | Found a frozen archway.
 17630 | IceCv    | Entered an ice cave
 18071 | IceCv    | Noticed an ice dragon
 18074 | IceCv    | Noticed an ice dragon
 18079 | IceCv    | Killed an ice dragon
 18085 | IceCv    | Killed an ice dragon
 18138 | IceCv    | Got a scintillating amber ring
 18450 | Orc:2    | Found a roughly hewn altar of Beogh.
 18460 | Orc:2    | Gained mutation: Your large and strong wings let you fly
                  | indefinitely. [Gargoyle growth]
 18460 | Orc:2    | Reached XP level 14. HP: 85/92 MP: 4/14
 18565 | Orc:2    | Paralysed by an orc sorcerer for 6 turns
 18572 | Orc:2    | HP: 42/92 [orc sorcerer/bolt of fire[an orc warlord] (17)]
 18796 | Orc:2    | Noticed an orc warlord
 18909 | Orc:2    | Paralysed by an orc sorcerer for 4 turns
 18916 | Orc:2    | Received a gift from Trog
 19150 | Orc:1    | Killed an orc warlord
 19454 | Orc:2    | Found Zuxzuntaoh's Antique Armour Shop.
 19455 | Orc:2    | Found a roughly hewn altar of Beogh.
 19456 | Orc:2    | Found Reidumn's Antique Weapon Boutique.
 19475 | Orc:2    | Bought a glowing broad axe for 182 gold pieces
 19623 | Orc:2    | Found a roughly hewn altar of Beogh.
 19626 | Orc:2    | Found Fikesot's Distillery.
 19710 | Orc:2    | Found a roughly hewn altar of Beogh.
 19711 | Orc:2    | Found Boumepn's Weapon Shoppe.
 19747 | Orc:2    | Gained mutation: Your magical capacity is low. (-10% MP) [a
                  | neqoxec]
 19922 | Orc:2    | Found a roughly hewn altar of Beogh.
 20063 | Orc:2    | Found a roughly hewn altar of Beogh.
 20336 | D:12     | Found a transporter.
 20336 | D:12     | Noticed kaze's ghost (journeyman HOBe)
 20339 | D:12     | Found a transporter.
 20376 | D:12     | Received a gift from Trog
 20404 | D:12     | Noticed an entropy weaver
 20404 | D:12     | a merfolk changed into an entropy weaver
 20411 | D:12     | an entropy weaver changed into something unseen
 20413 | D:12     | Noticed an entropy weaver
 20465 | D:12     | Reached skill level 5 in Shields
 20769 | D:12     | Noticed a dire elephant
 20769 | D:12     | a minotaur changed into a dire elephant
 20855 | D:12     | Noticed an azure jelly
 20864 | D:12     | Noticed a fire giant
 20864 | D:12     | an azure jelly changed into a fire giant
 20883 | D:12     | Noticed a stone giant
 20887 | D:12     | Noticed a shadow dragon
 20887 | D:12     | a stone giant changed into a shadow dragon
 21397 | Lair:4   | Found a hole to the Spider Nest.
 21870 | Spider:1 | Entered Level 1 of the Spider Nest
 22460 | Spider:2 | HP: 46/92 [disintegration (30)]
 22596 | Spider:2 | HP: 46/92 [disintegration (35)]
 22933 | Spider:2 | You are sucked into a shaft!
 22936 | Spider:3 | Received a gift from Trog
 22962 | Spider:3 | Reached skill level 13 in Fighting
 22964 | Spider:3 | HP: 43/94 [cyclops/large rock[the player character] (11)]
 22971 | Spider:3 | HP: 36/94 [disintegration (21)]
 22985 | Spider:3 | Noticed an emperor scorpion
 22988 | Spider:3 | Reached XP level 15. HP: 51/98 MP: 13/13
 22999 | Spider:3 | HP: 47/98 [emperor scorpion (6)]
 23125 | Spider:3 | Reached skill level 15 in Axes
 23239 | Spider:3 | Killed an emperor scorpion
 23528 | Spider:3 | HP: 49/99 [spark wasp (5)]
 23544 | Spider:3 | HP: 67/148 [spark wasp/living lightning (6)]
 23762 | Spider:3 | Noticed an emperor scorpion
 23782 | Spider:3 | Killed an emperor scorpion
 24346 | Spider:2 | Received a gift from Trog
 26507 | Spider:1 | Reached XP level 16. HP: 96/105 MP: 14/14
 26510 | Spider:1 | HP: 37/105 [disintegration (50)]
 26524 | Spider:1 | HP: 38/105 [redback (5)]
 26529 | Spider:1 | HP: 35/105 [demonic crawler (5)]
 26549 | Spider:1 | Reached skill level 14 in Fighting
 26843 | Spider:1 | Received a gift from Trog
 27974 | Spider:4 | Entered Level 4 of the Spider Nest
 28808 | Spider:4 | Reached skill level 10 in Shields
 29191 | Spider:4 | HP: 42/107 [disintegration (54)]
 30009 | Spider:4 | Received a gift from Trog
 31886 | Spider:4 | Got a gossamer rune of Zot
 33058 | Lair:1   | Identified the ring of Jogg {+Fly Int+2} (You found it in
                  | an ice cave)
 35352 | D:12     | Noticed an azure jelly
 35352 | D:12     | an emperor scorpion changed into an azure jelly
 35354 | D:12     | an azure jelly changed into a minotaur
 35372 | D:12     | Reached XP level 17. HP: 112/112 MP: 15/15
 35561 | D:12     | Gained mutation: Scrolls take you a little longer to read.
                  | [mutagenic glow]
 35618 | D:12     | Gained mutation: Scrolls take you longer to read.
                  | [mutagenic glow]
 35719 | D:12     | Lost mutation: Scrolls take you longer to read. [potion of
                  | mutation]
 35719 | D:12     | Gained mutation: You expend magic power (3 MP) to
                  | strengthen your wands. [potion of mutation]
 35719 | D:12     | Gained mutation: You are partially covered in thin metallic
                  | scales. (AC +2) [potion of mutation]
 36116 | D:13     | HP: 11/168 [titanic slime creature (81)]
 36562 | D:13     | Found a transporter.
 36564 | D:13     | Found a transporter.
 36565 | D:13     | Noticed Womblebat's ghost (journeyman HOAK)
 36594 | D:13     | Paralysed by a vampire knight for 7 turns
 36602 | D:13     | Reached skill level 15 in Fighting
 36609 | D:13     | Received a gift from Trog
 36610 | D:13     | HP: 47/113 [Womblebat's ghost (13)]
 36617 | D:13     | HP: 26/113 [skeletal warrior/+0 trident (8)]
 36621 | D:13     | Killed Womblebat's ghost
 37325 | D:12     | Killed kaze's ghost
 37558 | Orc:2    | Bought a glowing plate armour for 650 gold pieces
 37735 | D:14     | Found a blossoming altar of Fedhas.
 37739 | D:14     | Noticed Rupert
 37754 | D:14     | Killed Rupert
 37957 | D:14     | Reached skill level 15 in Armour
 38244 | D:14     | Found a gate to the Vaults.
 38720 | D:15     | Entered Level 15 of the Dungeon
 38995 | D:15     | Received a gift from Trog
 39661 | D:15     | Found a staircase to the Depths.
 39894 | Vaults:1 | Entered Level 1 of the Vaults
 40850 | Vaults:1 | Cast into level 4 of the Abyss (a distortion unwield)
 40873 | Abyss:4  | HP: 50/113 [starcursed mass/accursed screaming (10)]
 40905 | Vaults:1 | Escaped the Abyss
 41048 | Vaults:1 | Found Nashren's Magic Scroll Emporium.
 41074 | Vaults:1 | Bought a scroll of teleportation for 48 gold pieces
 41074 | Vaults:1 | Bought a scroll of enchant armour for 120 gold pieces
 41074 | Vaults:1 | Bought a scroll of enchant weapon for 120 gold pieces
 41074 | Vaults:1 | Bought a scroll of magic mapping for 56 gold pieces
 41156 | Vaults:1 | Reached XP level 18. HP: 114/120 MP: 16/16
 41230 | Vaults:2 | Received a gift from Trog
 41999 | Vaults:2 | Found a staircase to the Crypt.
 42004 | Crypt:1  | Entered Level 1 of the Crypt
 42060 | Crypt:1  | HP: 60/120 [jiangshi (14)]
 42065 | Crypt:1  | HP: 54/120 [jiangshi (7)]
 42072 | Crypt:1  | HP: 49/120 [jiangshi (1)]
 42343 | Crypt:1  | Got a bloodstained war axe
 42344 | Crypt:1  | Identified the +8 war axe of Might {chop, *Noise rPois
                  | rC+++ SInv} (You found it on level 1 of the Crypt)
 42457 | Crypt:1  | Reached skill level 16 in Fighting
 42998 | Crypt:1  | HP: 51/120 [??? (14)]
 44161 | Vaults:2 | Received a gift from Trog
 44425 | Vaults:2 | Found Rigag's Assorted Antiques.
 44433 | Vaults:2 | Bought a glowing shortbow for 174 gold pieces
 44435 | Vaults:2 | Bought a scroll labeled RONASI UKICZIDWESCH for 29 gold
                  | pieces
 44435 | Vaults:2 | Bought a crude ring mail for 261 gold pieces
 44440 | Vaults:2 | Identified the cursed +0 ring mail "Joep" {rPois} (You
                  | bought it in a shop on level 2 of the Vaults)
 44442 | Vaults:2 | Bought a glowing great mace for 275 gold pieces
 44761 | Vaults:2 | Gained mutation: Scrolls take you longer to read. [a
                  | shining eye]
 44784 | Vaults:2 | Lost mutation: You expend magic power (3 MP) to strengthen
                  | your wands. [potion of mutation]
 44784 | Vaults:2 | Lost mutation: Scrolls take you longer to read. [potion of
                  | mutation]
 44784 | Vaults:2 | Lost mutation: Scrolls take you a little longer to read.
                  | [potion of mutation]
 44784 | Vaults:2 | Lost mutation: Your magical capacity is low. (-10% MP)
                  | [potion of mutation]
 44784 | Vaults:2 | Gained mutation: Your magical capacity is low. (-10% MP)
                  | [potion of mutation]
 44784 | Vaults:2 | Lost mutation: Your magical capacity is low. (-10% MP)
                  | [potion of mutation]
 44784 | Vaults:2 | Gained mutation: You possess an exceptional clarity of
                  | mind. [potion of mutation]
 44815 | Vaults:2 | You are sucked into a shaft!
 44937 | Vaults:3 | Reached XP level 19. HP: 93/127 MP: 19/19
 44956 | Vaults:3 | HP: 94/190 [vault guard/+0 great mace (7)]
 45094 | Vaults:3 | Received a gift from Trog
 45098 | Vaults:3 | HP: 56/127 [vault guard/+0 bardiche[a vault warden] (15)]
 45120 | Vaults:3 | HP: 50/127 [tengu reaver/+3 long sword of slicing (2)]
 45135 | Vaults:3 | HP: 44/127 [tengu reaver/bolt of magma (9)]
 45311 | Vaults:3 | Found a ruined gateway.
 45321 | Desolati | Entered the Desolation of Salt
 45454 | Desolati | Reached skill level 10 in Dodging
 45482 | Desolati | Got a transparent ring mail
 45483 | Desolati | Identified the cursed +1 ring mail of the Cicada {-Tele
                  | Int+3 SInv} (You found it in the Desolation of Salt)
 45493 | Desolati | Got a crude amber ring
 45494 | Desolati | Identified the ring "Futil" {rF+ Dex+3} (You found it in
                  | the Desolation of Salt)
 45502 | Desolati | Got a transparent mace
 45767 | Desolati | Received a gift from Trog
 45792 | Desolati | Got a fine brass ring
 45793 | Desolati | Identified the cursed ring of Icveem {MR+ Int-5} (You found
                  | it in the Desolation of Salt)
 45804 | Desolati | HP: 58/127 [ragged hierophant/a resonance strike[a halazid
                  | warlock] (12)]
 46370 | Desolati | Reached skill level 17 in Fighting
 46443 | Desolati | Got an ichor-stained war axe
 46444 | Desolati | Identified the +9 war axe "Zoqydwof" {drain, Fragile Str+3
                  | Dex+4 SInv} (You found it in the Desolation of Salt)
 46451 | Desolati | Got a bound steel amulet
 46453 | Desolati | Identified the amulet "Eckyth" {+Rage Dex+4} (You found it
                  | in the Desolation of Salt)
 47062 | Vaults:3 | Found Qikhagu's Weapon Shoppe.
 47271 | Vaults:3 | Reached XP level 20. HP: 134/134 MP: 20/20
 47499 | Vaults:3 | Received a gift from Trog
 48470 | Vaults:4 | HP: 60/136 [deep troll[an ironheart preserver] (9)]
 48475 | Vaults:4 | HP: 75/204 [deep troll[an ironheart preserver] (3)]
 48677 | Vaults:4 | Reached skill level 18 in Fighting
 48906 | Vaults:4 | Received a gift from Trog
 48933 | Vaults:4 | Got a brightly glowing hand axe {god gift}
 48934 | Vaults:4 | Identified the +6 hand axe of the Lesser Evil {chop, rF+
                  | Str+4} (Trog gifted it to you on level 4 of the Vaults)
 49281 | Vaults:4 | Noticed Xtahua
 49297 | Vaults:4 | Killed Xtahua
 49529 | Vaults:4 | Reached XP level 21. HP: 142/142 MP: 21/21
 50180 | Vaults:4 | Received a gift from Trog
 50473 | Vaults:2 | Reached skill level 19 in Fighting
 50880 | Depths:1 | Entered Level 1 of the Depths
 51281 | Depths:1 | Found a gateway to Hell.
 51302 | Depths:1 | Identified Ylukhlubu's Catalogue of Creative Heat
 51398 | Depths:1 | HP: 70/144 [frost giant/bolt of cold (36)]
 51405 | Depths:1 | HP: 61/144 [frost giant/+0 battleaxe of freezing (11)]
 51410 | Depths:1 | HP: 90/216 [ice dragon (1)]
 51415 | Depths:1 | HP: 73/216 [purple very ugly thing (6)]
 51453 | Depths:1 | HP: 57/144 [ogre mage/bolt of lightning (2)]
 51464 | Depths:1 | HP: 60/144 [tengu reaver/+0 long sword (3)]
 51469 | Depths:1 | HP: 60/144 [tengu reaver/+0 long sword (1)]
 51911 | Depths:1 | Found Nuaruer's Assorted Antiques.
 52572 | Depths:2 | Noticed a juggernaut
 52578 | Depths:2 | HP: 70/144 [sphinx/divine providence (14)]
 52589 | Depths:2 | HP: 106/216 [juggernaut (3)]
 52590 | Depths:2 | Killed a juggernaut
 52591 | Depths:2 | Received a gift from Trog
 52833 | Depths:2 | Reached skill level 20 in Fighting
 52846 | Depths:2 | HP: 72/146 [ettin/+0 dire flail (12)]
 52849 | Depths:2 | HP: 32/146 [ettin (illusionary)/+0 dire flail (18)]
 52852 | Depths:2 | HP: 13/146 [death yak[a spriggan berserker] (21)]
 52864 | Depths:1 | HP: 33/146 [spriggan berserker/+0 antimagic quarterstaff
                  | (5)]
 53216 | Depths:2 | Reached XP level 22. HP: 152/152 MP: 22/22
 53222 | Depths:2 | Found a magical portal.
 53251 | Depths:2 | HP: 73/152 [spark wasp (4)]
 53738 | Depths:2 | Noticed a golden dragon
 53870 | Depths:2 | Killed a golden dragon
 53917 | Depths:2 | Identified the +9 rapier of Fortitude {flame, rF+}
 53927 | Depths:2 | Received a gift from Trog
 54645 | Swamp:1  | Entered Level 1 of the Swamp
 55842 | Swamp:2  | Got an ancient silver ring
 56059 | Swamp:3  | Reached skill level 21 in Fighting
 56142 | Swamp:3  | Found a transporter.
 56214 | Swamp:3  | Found a transporter.
 56248 | Swamp:3  | Received a gift from Trog
 56564 | Swamp:3  | Identified the ring of Morality {rN++ AC+1 Str+4} (You
                  | found it on level 2 of the Swamp)
 56830 | Swamp:3  | Found a shimmering altar of Xom.
 57107 | Swamp:4  | Entered Level 4 of the Swamp
 57166 | Swamp:4  | Received a gift from Trog
 57352 | Swamp:4  | Got a decaying rune of Zot
 57663 | Swamp:4  | Noticed Nikola
 57685 | Swamp:4  | Killed Nikola
 58415 | Depths:2 | Reached XP level 23. HP: 160/160 MP: 23/23
 58462 | Depths:2 | HP: 64/160 [stone giant[a boggart] (19)]
 58467 | Depths:2 | HP: 47/160 [stone giant[a boggart] (4)]
 58480 | Depths:2 | Found an opulent altar of Gozag.
 58819 | Depths:2 | Received a gift from Trog
 59456 | Depths:1 | Got a fine quarterstaff
 59483 | Hell     | Entered the Vestibule of Hell
 59483 | Hell     | Noticed Geryon
 59522 | Hell     | Killed Geryon
 59583 | Hell     | Noticed Murray
 59964 | Depths:2 | Killed Murray
 60098 | Depths:3 | Received a gift from Trog
 60191 | Depths:3 | Reached skill level 22 in Fighting
 60530 | Depths:3 | HP: 77/162 [spriggan air mage/the air (17)]
 60536 | Depths:3 | HP: 76/162 [deep troll (3)]
 60542 | Depths:3 | HP: 100/243 [spriggan air mage/the air (17)]
 60547 | Depths:3 | HP: 82/243 [stone giant/large rock (19)]
 61042 | Depths:3 | Got a spiked plate armour
 61043 | Depths:3 | Identified the +3 plate armour of the Morning Star {rF+
                  | rC+++ Regen+ Str-5} (You found it on level 3 of the Depths)
 61093 | Depths:3 | Noticed a golden dragon
 61103 | Depths:3 | Killed a golden dragon
 61281 | Depths:4 | Received a gift from Trog
 61605 | Depths:4 | Found a one-way gate to the infinite horrors of the Abyss.
 61638 | Depths:4 | Reached XP level 24. HP: 169/169 MP: 23/23
 62082 | Depths:4 | Received a gift from Trog
 62085 | Depths:4 | Got a shimmering shortbow {god gift}
 62086 | Depths:4 | Identified the +5 shortbow "Juathi Huo" {flame, rC- Dex+5}
                  | (Trog gifted it to you on level 4 of the Depths)
 62565 | Depths:5 | Entered Level 5 of the Depths
 62574 | Depths:5 | Identified the +3 faerie dragon scales {rCorr Dex+5}
 62574 | Depths:5 | Noticed the Enchantress
 62879 | Depths:4 | Killed the Enchantress
 62879 | Depths:4 | Reached skill level 23 in Fighting
 63026 | Depths:5 | HP: 106/256 [blizzard demon/the air[a deep elf high priest]
                  | (36)]
 63293 | Depths:4 | Cast into level 2 of the Abyss (a deep elf sorcerer)
 63532 | Abyss:4  | Gained mutation: Potions are less effective at restoring
                  | your health. [a neqoxec]
 63533 | Abyss:4  | Received a gift from Trog
 64084 | Depths:4 | Escaped the Abyss
 64315 | Depths:5 | Identified a scroll of acquirement
 64335 | Depths:5 | Received a gift from Trog
 64431 | Depths:5 | Found a gate to the Realm of Zot.
 64610 | Depths:5 | Got a pitted bone ring
 64611 | Depths:5 | Identified the ring "Goawytz" {+Blink rF+ Stlth+} (You
                  | found it on level 5 of the Depths)
 64659 | Depths:5 | Reached XP level 25. HP: 122/178 MP: 23/23
 65528 | Depths:5 | Reached skill level 15 in Shields
 65573 | Depths:5 | Noticed Frederick
 65585 | Depths:5 | Killed Frederick
 65585 | Depths:5 | Reached skill level 24 in Fighting
 65732 | Depths:5 | Found a shattered altar of Ashenzari.
 66050 | Elf:1    | Entered Level 1 of the Elven Halls
 66286 | Elf:1    | Received a gift from Trog
 66586 | Elf:1    | Reached skill level 15 in Dodging
 66825 | Elf:1    | Found Ququyt's Jewellery Shop.
 67272 | Elf:2    | Found a huge runed translucent gate.
 67272 | Elf:2    | Found a huge runed translucent gate.
 67272 | Elf:2    | Found a huge runed translucent gate.
 67273 | Elf:2    | Found a huge runed translucent gate.
 67274 | Elf:2    | Found a huge runed translucent gate.
 67297 | Elf:2    | Received a gift from Trog
 67302 | Elf:2    | Got a slimy war axe {god gift}
 67303 | Elf:2    | Identified the +3 war axe "Eliy" {elec, rElec rC++} (Trog
                  | gifted it to you on level 2 of the Elven Halls)
 67845 | Elf:2    | Got a slimy chain mail
 67846 | Elf:2    | Identified the cursed +0 chain mail of the First Snow {rF+
                  | Dex+5} (You found it on level 2 of the Elven Halls)
 67863 | Elf:2    | Noticed Roxanne
 67876 | Elf:2    | Killed Roxanne
 68167 | Elf:2    | Found a deep blue altar of Sif Muna.
 68183 | Elf:2    | Received a gift from Trog
 68456 | Elf:3    | Entered Level 3 of the Elven Halls
 68779 | Elf:3    | HP: 82/180 [???[a deep elf demonologist] (23)]
 68784 | Elf:3    | HP: 55/180 [deep elf blademaster/+0 rapier (6)]
 69259 | Elf:3    | Got a bloodstained helmet
 69283 | Elf:3    | Identified the +8 flail of Pain and Death {vamp, rF- rN+++
                  | MR+ SInv}
 69317 | Elf:3    | Identified the cursed +0 helmet "Ceme" {rF+ Int+3} (You
                  | found it on level 3 of the Elven Halls)
 69326 | Elf:3    | Identified the +5 long sword "Ogry" {slice, Str+6 Dex+3}
 69337 | Elf:3    | Received a gift from Trog
 69337 | Elf:3    | Reached XP level 26. HP: 117/187 MP: 23/23
 69819 | Elf:3    | Found Weiraqam's Jewellery Boutique.
 70004 | Elf:3    | Identified the +11 battleaxe of Kismet {holy, *Slow rPois
                  | rN+ MR+}
 70004 | Elf:3    | Identified the cursed ring "Doonk" {Str-2 Slay+5}
 70016 | Elf:3    | Identified the +7 long sword of Hebokiebom {flame, Str+2}
 70028 | Elf:3    | Reached skill level 25 in Fighting
 70046 | Elf:3    | Received a gift from Trog
 70140 | Elf:3    | Got a pair of scorched boots
 70141 | Elf:3    | Identified the +1 pair of boots "Moc Hai" {Str+2 Stlth+}
                  | (You acquired it on level 3 of the Elven Halls)
 70379 | Elf:3    | Found the +0 sword of Power
 70400 | Elf:3    | Identified Zuqi's Catalogue of the Feathery Voyage
 70730 | Lair:4   | You are sucked into a shaft for 2 floors!
 70730 | Lair:6   | Entered Level 6 of the Lair of Beasts
 71418 | Lair:6   | HP: 86/188 [acid (12)]
 72022 | Lair:5   | Found a staircase to the Slime Pits.
 72086 | Lair:5   | Noticed Kirke
 72095 | Lair:5   | Killed Kirke
 72605 | Slime:1  | Entered Level 1 of the Pits of Slime
 72627 | Slime:1  | Received a gift from Trog
 72717 | Slime:1  | Lost mutation: Potions are less effective at restoring your
                  | health. [a shining eye]
 73380 | Slime:2  | Gained mutation: Your body sometimes deteriorates upon
                  | taking damage. [a shining eye]
 73383 | Slime:2  | Gained mutation: You are dopey. (Int -2) [a shining eye]
 74009 | Slime:5  | Entered Level 5 of the Pits of Slime
 74045 | Slime:5  | Gained mutation: You occasionally shout uncontrollably at
                  | your foes. [a shining eye]
 74046 | Slime:5  | Gained mutation: You are very dopey. (Int -4) [a shining
                  | eye]
 74158 | Slime:5  | Noticed the Royal Jelly
 74185 | Slime:5  | Killed the Royal Jelly
 74198 | Slime:5  | Reached XP level 27. HP: 176/195 MP: 23/23
 74215 | Slime:5  | HP: 146/292 [acid (1)]
 74236 | Slime:5  | HP: 84/195 [disintegration (11)]
 74243 | Slime:5  | Found the +9 sword of Zonguldrok {reap}
 74248 | Slime:5  | Got a crystal long sword
 74297 | Slime:5  | Got a smoking falchion
 74355 | Slime:5  | Got a transparent leather armour
 74361 | Slime:5  | Got a bloodstained chain mail
 74362 | Slime:5  | Identified the cursed +0 chain mail of Boiling Hail {rF+
                  | MR+ Dex+2} (You found it on level 5 of the Pits of Slime)
 74376 | Slime:5  | Got a faintly glowing turquoise ring
 74377 | Slime:5  | Identified the ring of Umuygacs {Int+3 Stlth+} (You found
                  | it on level 5 of the Pits of Slime)
 74390 | Slime:5  | Got a fine long sword
 74395 | Slime:5  | Reached skill level 26 in Fighting
 74401 | Slime:5  | Got a slimy rune of Zot
 74889 | Vaults:5 | Entered Level 5 of the Vaults
 74895 | Vaults:5 | Received a gift from Trog
 74985 | Vaults:5 | Received a gift from Trog
 75084 | Vaults:5 | Identified the +6 hand crossbow of the Purse {flame, rElec
                  | rN++ Stlth+}
 75724 | Vaults:5 | Found Dobuw's Armour Emporium.
 75857 | Vaults:5 | Identified the +6 rapier "Gargoyle's Peril" {flame, rElec
                  | Int+6}
 75857 | Vaults:5 | Identified the amulet "Degoga Qieh" {Reflect +Fly SH+2}
 75913 | Vaults:5 | Cast into level 3 of the Abyss (a deep elf demonologist)
 75960 | Abyss:3  | Received a gift from Trog
 75969 | Abyss:3  | Reached skill level 27 in Fighting
 75986 | Abyss:3  | Got a transparent robe
 75989 | Abyss:3  | Got a warped flail {god gift}
 76367 | Abyss:4  | HP: 95/199 [starcursed mass/accursed screaming (9)]
 76373 | Abyss:4  | Received a gift from Trog
 76373 | Abyss:4  | HP: 87/199 [starcursed mass/accursed screaming (4)]
 76391 | Abyss:4  | Gained mutation: You are frail. (-10% HP) [a neqoxec]
 76393 | Abyss:4  | HP: 84/179 [lurking horror (23)]
 76489 | Abyss:4  | Found a corrupted altar of Lugonu.
 76494 | Abyss:4  | HP: 84/179 [starcursed mass/accursed screaming (9)]
 76501 | Abyss:4  | HP: 63/179 [starcursed mass/accursed screaming (12)]
 76506 | Abyss:4  | HP: 59/179 [starcursed mass/accursed screaming (6)]
 76538 | Abyss:4  | HP: 68/179 [lurking horror (19)]
 76698 | Abyss:4  | Received a gift from Trog
 76716 | Abyss:4  | Gained mutation: Scrolls take you a little longer to read.
                  | [a neqoxec]
 76839 | Abyss:4  | HP: 86/179 [starcursed mass/accursed screaming (6)]
 76844 | Abyss:4  | HP: 82/179 [starcursed mass/accursed screaming (5)]
 76854 | Abyss:4  | HP: 73/179 [smoke demon (2)]
 76879 | Abyss:4  | HP: 85/179 [starcursed mass/accursed screaming (8)]
 76901 | Abyss:4  | HP: 77/179 [balrug/divine providence (15)]
 76907 | Abyss:4  | HP: 73/179 [balrug/divine providence (12)]
 76912 | Abyss:4  | HP: 69/179 [balrug/divine providence (10)]
 76920 | Abyss:4  | HP: 73/179 [balrug/bolt of fire (3)]
 77011 | Abyss:4  | Found a corrupted altar of Lugonu.
 77017 | Abyss:4  | Paralysed by accursed screaming for 1 turns
 77019 | Abyss:4  | HP: 88/179 [starcursed mass/accursed screaming (10)]
 77038 | Abyss:4  | Noticed an ancient lich
 77181 | Vaults:5 | Escaped the Abyss
 77187 | Vaults:5 | HP: 89/179 [hellephant (7)]
 77453 | Vaults:5 | Received a gift from Trog
 77480 | Vaults:5 | Identified the +8 spear "Reowa" {pierce, +Inv}
 77508 | Vaults:5 | Noticed an ancient lich
 77718 | Vaults:5 | Killed an ancient lich
 77728 | Vaults:5 | Gained mutation: Potions are less effective at restoring
                  | your health. [a shining eye]
 78053 | Vaults:5 | Received a gift from Trog
 78141 | Vaults:5 | Noticed Margery
 78159 | Vaults:5 | Killed Margery
 78259 | Vaults:5 | Got a silver rune of Zot
 78945 | Temple   | Entered the Ecumenical Temple
 79112 | Temple   | Fell from the grace of Trog
 79112 | Temple   | Became a worshipper of Nemelex Xobeh the Trickster
 79224 | D:7      | Fell from the grace of Nemelex Xobeh
 79224 | D:7      | Became a worshipper of Sif Muna the Loreminder
 79378 | D:2      | Fell from the grace of Sif Muna
 79378 | D:2      | Became a worshipper of the Wu Jian Council
 79444 | D:3      | Fell from the grace of Wu Jian
 79444 | D:3      | Became a worshipper of Qazlal Stormbringer
 79515 | D:6      | Fell from the grace of Qazlal
 79515 | D:6      | Became a worshipper of Xom the Unpredictable
 79563 | D:6      | Fell from the grace of Xom
 79563 | D:6      | Became a worshipper of Kikubaaqudgha
 79625 | D:9      | Fell from the grace of Kikubaaqudgha
 79625 | D:9      | Became a worshipper of Warmaster Okawaru
 79729 | Temple   | Fell from the grace of Okawaru
 79729 | Temple   | Became a worshipper of Makhleb the Destroyer
 79730 | Temple   | Lost mutation: You are very dopey. (Int -4) [potion of
                  | mutation]
 79730 | Temple   | Lost mutation: Scrolls take you a little longer to read.
                  | [potion of mutation]
 79730 | Temple   | Gained mutation: Your movements are slightly less
                  | encumbered by armour. (ER -2) [potion of mutation]
 79730 | Temple   | Gained mutation: Your spells are a little harder to cast,
                  | but a little more powerful. [potion of mutation]
 79730 | Temple   | Gained mutation: You are surrounded by a mild repulsion
                  | field. (EV +2) [potion of mutation]
 79731 | Temple   | Lost mutation: You occasionally shout uncontrollably at
                  | your foes. [potion of mutation]
 79731 | Temple   | Lost mutation: Your spells are a little harder to cast, but
                  | a little more powerful. [potion of mutation]
 79731 | Temple   | Gained mutation: Your muscles are strong. (Str +2) [potion
                  | of mutation]
 79731 | Temple   | Gained mutation: You expend magic power (3 MP) to
                  | strengthen your wands. [potion of mutation]
 79731 | Temple   | Gained mutation: Scrolls take you a little longer to read.
                  | [potion of mutation]
 79731 | Temple   | Lost mutation: You are dopey. (Int -2) [potion of mutation]
 79732 | Temple   | Lost mutation: You are frail. (-10% HP) [potion of
                  | mutation]
 79732 | Temple   | Lost mutation: Scrolls take you a little longer to read.
                  | [potion of mutation]
 79732 | Temple   | Lost mutation: Your body sometimes deteriorates upon taking
                  | damage. [potion of mutation]
 79732 | Temple   | Gained mutation: You are somewhat resistant to further
                  | mutation. [potion of mutation]
 79732 | Temple   | Gained mutation: You have sharp toenails. [potion of
                  | mutation]
 80133 | Zot:1    | Entered Level 1 of the Realm of Zot
 80152 | Zot:1    | Reached skill level 1 in Invocations
 80761 | Zot:1    | Reached skill level 5 in Invocations
 80772 | Zot:1    | Found a transporter.
 80784 | Zot:1    | Found a transporter.
 80862 | Zot:1    | Got an ancient morningstar
 80867 | Zot:1    | Got an encrusted plate armour
 80868 | Zot:1    | Identified the +7 plate armour of Fortitude {Str-4 Dex+6}
                  | (You found it on level 1 of the Realm of Zot)
 80871 | Zot:1    | Got an ancient hand axe
 80887 | Zot:1    | XOM: mild Air miscast
 81293 | Zot:1    | Reached * piety under Makhleb
 81948 | Zot:2    | Reached skill level 10 in Invocations
 82404 | Zot:2    | Identified the +4 dragonskin cloak
 82404 | Zot:2    | Noticed Tiamat
 82442 | Zot:2    | HP: 87/199 [Tiamat/+3 bardiche of flaming (32)]
 82448 | Zot:2    | HP: 71/199 [Tiamat/+3 bardiche of flaming (4)]
 82451 | Zot:2    | Killed Tiamat
 82469 | Zot:2    | HP: 74/199 [red draconian][Tiamat] (3)]
 82733 | Zot:2    | XOM: 5-stop teleportation journey
 82931 | Zot:2    | XOM: give mutations
 82931 | Zot:2    | Lost mutation: You possess an exceptional clarity of mind.
                  | [Xom's mischief]
 82931 | Zot:2    | Lost mutation: Your movements are slightly less encumbered
                  | by armour. (ER -2) [Xom's mischief]
 82931 | Zot:2    | Lost mutation: Your muscles are strong. (Str +2) [Xom's
                  | mischief]
 83324 | Zot:2    | Paralysed by Trog for 3 turns
 83437 | Zot:2    | HP: 93/199 [purple draconian/bolt of dispelling energy
                  | (31)]
 83946 | Zot:3    | Reached ** piety under Makhleb
 84139 | Zot:3    | HP: 96/199 [black draconian monk (16)]
 84146 | Zot:3    | HP: 93/199 [black draconian monk (21)]
 84164 | Zot:3    | HP: 75/199 [golden dragon zombie[the malice of
                  | Kikubaaqudgha] (5)]
 84257 | Zot:3    | HP: 89/199 [divine wrath (25)]
 84590 | Zot:3    | Reached skill level 15 in Invocations
 84744 | Zot:3    | XOM: give mutations
 84744 | Zot:3    | Gained mutation: You passively map a small area around you.
                  | [Xom's mischief]
 84744 | Zot:3    | Gained mutation: Scrolls take you a little longer to read.
                  | [Xom's mischief]
 84744 | Zot:3    | Lost mutation: You are somewhat resistant to further
                  | mutation. [Xom's mischief]
 84787 | Zot:3    | Was forgiven by Sif Muna
 85094 | Zot:2    | XOM: noise
 85119 | Zot:1    | HP: 75/199 [frost giant/bolt of cold[the fury of Okawaru]
                  | (43)]
 85805 | Zot:3    | Got a polished spear
 86331 | Zot:4    | XOM: 1-stop teleportation journey
 86510 | Zot:4    | Reached *** piety under Makhleb
 86764 | Zot:4    | XOM: medium Pois miscast
 87212 | Zot:4    | XOM: mild Tmut miscast
 87267 | Zot:4    | HP: 70/199 [stone giant[the rage of Trog] (42)]
 87273 | Zot:4    | HP: 71/199 [storm dragon/bolt of lightning[the adversity of
                  | Qazlal] (1)]
 87287 | Zot:4    | HP: 60/199 [divine wrath (16)]
 87287 | Zot:4    | Was forgiven by Kikubaaqudgha
 87295 | Zot:4    | HP: 59/199 [storm dragon skeleton[the malice of
                  | Kikubaaqudgha] (3)]
 87300 | Zot:4    | HP: 59/199 [draconian annihilator skeleton/+0 long
                  | sword[the malice of Kikubaaqudgha] (2)]
 87311 | Zot:4    | Was forgiven by Okawaru
 87315 | Zot:4    | HP: 53/199 [titan/the air[the fury of Okawaru] (12)]
 87320 | Zot:4    | HP: 50/199 [fire giant/+2 great sword of flaming[the fury
                  | of Okawaru] (2)]
 87325 | Zot:4    | HP: 47/199 [deep elf blademaster/+0 rapier[the fury of
                  | Okawaru] (8)]
 87364 | Zot:4    | HP: 57/199 [yellow draconian scorcher/bolt of magma (13)]
 87369 | Zot:4    | HP: 33/199 [yellow draconian scorcher/damnation (26)]
 87382 | Zot:4    | HP: 84/199 [something (2)]
 87461 | Zot:4    | XOM: cloud trail
 87790 | Zot:4    | XOM: mild Pois miscast
 87906 | Zot:4    | Was forgiven by Wu Jian
 88258 | Zot:4    | Found the +3 hat of Pondering {ponderous, MR+ MP+10 Int+5}
 88391 | Zot:5    | Entered Level 5 of the Realm of Zot
 88391 | Zot:5    | Noticed an ancient lich
 88393 | Zot:5    | Noticed an orb of fire
 88397 | Zot:5    | Gained mutation: You are frail. (-10% HP) [an orb of fire]
 88401 | Zot:5    | Paralysed by an ancient lich for 2 turns
 88402 | Zot:5    | Noticed an ancient lich
 88517 | Zot:4    | Was forgiven by Qazlal
 88722 | Zot:4    | Reached **** piety under Makhleb
 88770 | Zot:4    | XOM: harmless Conj miscast
 88857 | Zot:4    | XOM: harmless Tmut miscast
 88939 | Zot:5    | XOM: silly message
 88969 | Zot:5    | XOM: noise
 89314 | Zot:5    | Noticed an orb of fire
 89322 | Zot:5    | Gained mutation: You are dopey. (Int -2) [an orb of fire]
 89335 | Zot:5    | Gained mutation: Your magical capacity is low. (-10% MP)
                  | [an orb of fire]
 89341 | Zot:5    | Gained mutation: You tend to lose your temper in combat.
                  | [an orb of fire]
 89346 | Zot:5    | Gained mutation: Your spells are a little easier to cast,
                  | but a little less powerful. [an orb of fire]
 89347 | Zot:5    | Gained mutation: Your spells are easier to cast, but less
                  | powerful. [an orb of fire]
 89535 | Zot:5    | Gained mutation: You occasionally shout uncontrollably at
                  | your foes. [an orb of fire]
 89558 | Zot:4    | Gained mutation: Scrolls take you longer to read. [an orb
                  | of fire]
 89558 | Zot:4    | Gained mutation: Scrolls take you much longer to read. [an
                  | orb of fire]
 89560 | Zot:4    | Paralysed by Trog for 7 turns
 89569 | Zot:4    | Gained mutation: You are weak. (Str -2) [an orb of fire]
 89571 | Zot:4    | Gained mutation: Your magical capacity is very low. (-20%
                  | MP) [an orb of fire]
 89575 | Zot:4    | Killed an orb of fire
 89575 | Zot:4    | Gained mutation: You are very weak. (Str -4) [an orb of
                  | fire]
 89578 | Zot:4    | Gained mutation: You are very dopey. (Int -4) [an orb of
                  | fire]
 89580 | Zot:4    | Killed an orb of fire
 89667 | Zot:5    | XOM: noise
 89724 | Zot:5    | XOM: swap monsters
 89772 | Zot:5    | Noticed an orb of fire
 89785 | Zot:5    | Gained mutation: You sometimes yell uncontrollably at your
                  | foes. [an orb of fire]
 89794 | Zot:5    | Noticed an ancient lich
 89795 | Zot:5    | Noticed an orb of fire
 89798 | Zot:5    | Noticed an orb of fire
 89799 | Zot:5    | Killed an orb of fire
 89802 | Zot:5    | Noticed an ancient lich
 89806 | Zot:5    | Gained mutation: You frequently scream uncontrollably at
                  | your foes. [an orb of fire]
 89809 | Zot:5    | Reached ***** piety under Makhleb
 89815 | Zot:5    | Noticed an orb of fire
 89817 | Zot:5    | Killed an orb of fire
 89828 | Zot:5    | Gained mutation: Your body sometimes deteriorates upon
                  | taking damage. [an orb of fire]
 89839 | Zot:5    | Killed an orb of fire
 89848 | Zot:5    | Killed an orb of fire
 89858 | Zot:5    | Killed an ancient lich
 89881 | Zot:5    | Killed an ancient lich
 89920 | Zot:5    | HP: 89/179 [Orb Guardian (18)]
 89923 | Zot:5    | HP: 29/179 [Orb Guardian (21)]
 89926 | Zot:5    | HP: 14/179 [storm dragon (2)]
 89926 | Zot:5    | HP: 2/179 [white draconian stormcaller/divine providence
                  | (12)]
 89926 | Zot:5    | Killed from afar by an electric golem

Skill      XL: |  1  2  3  4  5  6  7  8  9 10 11 12 13 14 15 16 17 18 19 20 21 22 23 24 25 26 27 |
---------------+----------------------------------------------------------------------------------+-----
Axes           | 3 4 5 7 9 10 11 12 14 16 17 18 19 20 23 | 23.4
Dodging        | 2 3 5 6 7 8 9 10 11 12 13 14 15 16 19 | 19.8
Armour         | 3 4 6 7 8 10 11 12 13 14 15 16 17 18 19 20 21 22 24 | 24.7
Fighting       | 4 5 6 8 9 10 11 12 13 14 15 16 17 18 20 21 22 23 24 25 27 | 27.0
Shields        | 1 2 7 9 10 11 12 13 14 15 17 | 17.3
Invocations    | 19 | 19.0

Action                   |  1- 3 |  4- 6 |  7- 9 | 10-12 | 13-15 | 16-18 | 19-21 | 22-24 | 25-27 || total
-------------------------+-------+-------+-------+-------+-------+-------+-------+-------+-------++-------
Melee: Hand axe          |   133 |   154 |    21 |       |       |       |       |       |       ||   308
       War axe           |       |       |   258 |       |       |       |       |       |       ||   258
       Battleaxe         |       |       |    80 |   630 |   403 |   780 |  1287 |   124 |       ||  3304
       Dire flail        |       |       |       |     5 |       |       |       |       |       ||     5
       Broad axe         |       |       |       |       |   859 |   852 |       |  1513 |  4538 ||  7762
       Great mace        |       |       |       |       |       |     1 |       |       |       ||     1
       Unarmed           |       |       |       |       |       |       |       |       |     8 ||     8
Invok: Berserk           |       |     7 |    16 |    14 |    27 |    24 |    23 |    15 |     8 ||   134
       Trog's Hand       |       |       |     1 |     4 |     4 |     1 |     3 |     1 |     4 ||    18
       Brothers in Arms  |       |       |       |       |     5 |     3 |     1 |       |       ||     9
 Abil: Fly               |       |       |       |       |     1 |       |       |       |       ||     1
       Stop Flying       |       |       |       |       |       |       |       |       |     1 ||     1
Evoke: Wand              |       |       |       |       |       |       |     1 |       |       ||     1
  Use: Scroll            |       |       |       |       |       |    37 |     7 |    13 |    28 ||    85
       Potion            |       |       |       |       |       |     2 |     2 |     1 |    13 ||    18
 Stab: Sleeping          |       |     3 |       |       |       |       |       |       |       ||     3
       Paralysed         |       |     2 |       |       |       |       |       |       |       ||     2
       Distracted        |       |       |       |       |     1 |       |     1 |     1 |     1 ||     4
       Held in net/web   |       |       |       |       |     1 |       |       |       |       ||     1
       Petrified         |       |       |       |       |       |     6 |       |       |       ||     6
       Confused          |       |       |       |       |       |       |       |     3 |     2 ||     5
  Eat: Chunk             |     1 |     5 |    15 |    29 |    45 |    42 |    40 |    33 |    47 ||   257
       Ration            |       |     2 |     4 |     5 |     6 |    15 |     3 |     6 |    16 ||    57
Armor: Animal skin       |    17 |       |       |       |       |       |       |       |       ||    17
       Ring mail         |    37 |    55 |       |       |       |       |       |       |       ||    92
       Chain mail        |       |     5 |    98 |   444 |   414 |   121 |       |       |       ||  1082
       Plate armour      |       |       |   144 |    94 |       |   432 |   847 |    78 |       ||  1595
       Ice dragon scales |       |       |       |       |   383 |   360 |       |       |       ||   743
       Gold dragon scale |       |       |       |       |       |       |       |   993 |  1996 ||  2989
       Skin              |       |       |       |       |       |       |       |     1 |       ||     1
Dodge: Dodged            |    89 |   104 |   139 |   514 |   674 |   592 |   609 |   645 |  2115 ||  5481
       Deflected         |       |       |       |       |       |    26 |    45 |    32 |    80 ||   183
Block: Large shield      |       |       |       |       |   743 |   786 |       |       |       ||  1529
       Other             |       |       |       |       |       |   108 |   191 |    20 |       ||   319
       Reflection        |       |       |       |       |       |    25 |    13 |    49 |   159 ||   246
       Shield            |       |       |       |       |       |       |       |  1311 |  3598 ||  4909

Levels and vault maps discovered:
D:1:      tarquinn_simple_flora_water_f, layout_rooms, minmay_tetromino_l4
D:2:      layout_loops_ring, lemuel_round_altar, lemuel_round_altar,
          trog_hazing_becter
D:3:      layout_loops_ring, nicolae_qazlal_general_emergency,
          overflow_temple_1_default
D:4:      layout_basic, nicolae_ru_great_annihilating_truth, old_standard_altar,
          st_stairs_5
D:5:      layout_loops_ring, first_ration, gup_sewer_entry_spiral, uniq_edmund,
          uniq_crazy_yiuf_cottage
D:6:      layout_basic, nicolae_overflow_crystal_walls, grunt_gozag_breadcrumbs,
          nicolae_xom_altar_mimics, minmay_temple_entry_proselytizer,
          nicolae_ossuary_entry_ruins, serial_shops, shop, uniq_eustachio
D:7:      minmay_the_grid_triangle_9x9_recursive_2
          [minmay_the_grid_triangle_9x9_prize_center,
          minmay_the_grid_triangle_9x9_longest,
          minmay_the_grid_triangle_9x9_dagger,
          minmay_the_grid_triangle_9x9_from_above], layout_basic,
          lemuel_blue_sif_altar
D:8:      layout_gridville, serial_shops, shop, grunt_livestock, uniq_erica
D:9:      layout_irregular_city, elyvilon_altar_4, lemuel_crystal_altar,
          okawaru_ov_weapons_minmay, basic_altar, serial_bayou_pond_c
D:10:     layout_cave_pods, uniq_harold
D:11:     layout_grid_maze, erik_lair_island, uniq_snorg, uniq_nergalle
D:12:     layout_rooms, orc_0_dummy, gammafunk_ghost_arena,
          chequers_serial_rivers_micro_d
D:13:     layout_gridville, gammafunk_ghost_mausoleum, st_stairs_12
D:14:     layout_gridville, david_vaults_2, kennysheep_nondescript, basic_altar,
          uniq_rupert
D:15:     gammafunk_enter_depths_forms, layout_long_grid, grunt_decor_resistance
Temple:   nicolae_temple_figure_zero
Lair:1:   gammafunk_cloud_chamber, layout_regular_city
Lair:2:   beast_lair_carwin_large_4, layout_layer_cave, ebering_ghost_xom
Lair:3:   layout_gridlike, swamp_mist_pool
Lair:4:   layout_hall_layers, spider_nest_entry_web_field,
          minmay_shattered_shrine
Lair:5:   wander_river, layout_regular_city, minmay_slime_entry_pillars,
          uniq_kirke
Lair:6:   gammafunk_lair_ancient_temple, layout_gridlike,
          minmay_lair_oklob_chamber
Swamp:1:  layout_falls_marsh, hangedman_swamp_diagram
Swamp:2:  layout_basic_swamp, evilmike_swamp_ruin_house_1,
          infiniplex_staircase_pool
Swamp:3:  gammafunk_the_bubble [the_bubble_gammafunk_grid], layout_basic_swamp,
          lemuel_altar_in_water
Swamp:4:  swamp_pestilence, layout_basic_swamp, uniq_nikola
Spider:1: layout_spider_delve
Spider:2: layout_chambers, drop_trap
Spider:3: cheibrodos_forgotten_conduit
Spider:4: spider_rune_water
Slime:1:  layout_caves
Slime:2:  layout_caves
Slime:3:  layout_caves
Slime:4:  layout_caves, cheibrodos_slime_lost_civilization_7
Slime:5
Orc:1:    layout_caves, portal_ice_cave_demonic_guard, basic_altar
Orc:2:    grunt_orc_community_town_hall, layout_caves,
          grunt_orc_community_big_house_1, grunt_orc_community_big_house_2,
          grunt_orc_community_house_2, grunt_orc_community_house_1,
          grunt_orc_community_house_3, grunt_orc_community_house_3,
          grunt_orc_community_house_3
Elf:1:    eino_elf_arrival_shootout, layout_onion_city, serial_shops, shop,
          minmay_elf_demonology, minivault_26
Elf:2:    layout_gridlike, hangedman_summoners_spam, uniq_roxanne
Elf:3:    minmay_elf_hall_hex, layout_loops_corners, serial_shops, shop
Vaults:1: hangedman_vaults_slither, hangedman_vaults_stagger,
          nicolae_vaults_little_squares_4, st_lattice, vaults_room_pool,
          hangedman_vaults_unwind, vaults_room_fours, hangedman_vaults_slice,
          nicolae_vaults_three_branches, nicolae_vaults_rhombus_5,
          layout_vaults_big_room, serial_shops, shop
Vaults:2: nicolae_vaults_asterisk, blue_anna_dwarven_crypt, vaults_mumra_hex,
          hangedman_vaults_nodes, vaults_room_stairs_pillars, v_misc_1,
          grunt_vaults_hallway_long, grunt_vaults_focal,
          vaults_room_glass_cross, v_misc_18, grunt_vaults_hallway_short,
          hangedman_vaults_snaps, hangedman_vaults_river_flow, v_misc_13,
          layout_vaults_big_cross, serial_shops, shop
Vaults:3: v_misc_18, vaults_room_door_ring, nicolae_vaults_meeting,
          nicolae_vaults_circle_grid_b, grunt_vaults_hallway_long,
          dpeg_vaults_monster_box, grunt_vaults_hallway_short,
          nicolae_vaults_alarming, layout_vaults_omnigrid,
          portal_desolation_entry_salt
Vaults:4: v_rooms_6, ontoclasm_vaults_ring_small, ontoclasm_vaults_misaligned,
          hangedman_vaults_stream, v_rooms_3, v_alt_pattern_4, v_misc_1,
          nicolae_vaults_big_angled_halls, vaults_room_grunt_arrival_ludios,
          serial_ice_b, ontoclasm_vaults_spin, grunt_vaults_hallway_long,
          nicolae_vaults_statue_guard, layout_vaults_omnibox, uniq_xtahua
Vaults:5: serial_shops, uniq_margery
Crypt:1:  layout_basic, palyth_stone_intersect, chequers_hall_statues_wall_a,
          st_stairs_3, grunt_crypt_arrival_split
Depths:1: layout_gridlike, hell_entry, st_stairs_10,
          hangedman_decor_diamond_cutter, drop_trap, corexii_corridor_pit,
          chequers_serial_rivers_micro_c, kennysheep_another_room,
          kennysheep_windowed_goal, kennysheep_random_hallway, firewood_loft
Depths:2: minmay_heptahexagon, layout_small_grid, lemuel_statue_altar,
          mu_enter_wizlab_4, hell_entry, kennysheep_small_square
Depths:3: minmay_fractal_lines_corner, layout_cave_shapes, enter_ziggurat_f,
          minmay_splitting_lines, pan_entry, grunt_mini_vestibule, hex_medium,
          infiniplex_staircase_9_rooms
Depths:4: hangedman_hanging_gardens, layout_basic, hangedman_abyss_entry_splay,
          serial_sigils_hangedman_snap, hell_entry
Depths:5: lemuel_castle_with_subvaults [lemuel_castle_interior_carwin_2],
          layout_cave_pools, abyss_entry, hell_entry,
          chequers_serial_rivers_room_b, nicolae_ashenzari_panopticon,
          uniq_frederick, uniq_enchantress
Hell
Zot:1:    gammafunk_sealed_arena, layout_basic
Zot:2:    layout_gridlike, uniq_tiamat
Zot:3:    layout_cathedral_of_symmetry
Zot:4:    grunt_zot_stairs_overgrown, layout_gridlike, st_large_dragon_hoard_4
Zot:5:    layout_misc_corridors
Abyss:2:  evilmike_abyss_exit_8
Abyss:3:  lemuel_flamethrower_3, nicolae_abyss_rune_star_stuff
Abyss:4:  dshaligram_kb_abyss_rune_zappy_water_cross,
          gammafunk_abyss_exit_x_factor
Sewer:    sewer_big_baddie
Ossuary:  ossuary_tomb_1
IceCv:    ice_cave_small_dragons
Desolation
